 Dungeon Crawl Stone Soup version 0.27.0-66-gdc8fb28755 (webtiles) character file.

Game seed: 11359155679109192358

11465 ZARRMARR the Grappler (level 11, -46/102 HPs)
             Began as a Troll Monk on Aug 20, 2021.
             Was an Elder of Okawaru.
             Annihilated by a boulder beetle (57 damage)
             ... on level 11 of the Dungeon.
             The game lasted 00:44:38 (10639 turns).

ZARRMARR the Grappler (Troll Monk)                 Turns: 10639, Time: 00:44:39

Health: -46/102    AC:  8    Str: 24    XL:     11   Next: 49%
Magic:  10/10      EV: 12    Int:  6    God:    Okawaru [****..]
Gold:   441        SH:  0    Dex: 18    Spells: 10/10 levels left

rFire    . . .     SeeInvis .     - Unarmed
rCold    . . .     Faith    .   (no shield)
rNeg     . . .     Spirit   .   I - +0 acid dragon scales
rPois    .         Reflect  .   (helmet restricted)
rElec    .         Harm     .   (no cloak)
rCorr    +         Rampage  .   (gloves unavailable)
Will     .....                  (boots unavailable)
Stlth    ++........             (no amulet)
HPRegen  1.27/turn              t - +6 ring of dexterity
MPRegen  0.12/turn              u - ring of wizardry

@: about to teleport, spiked, studying Necromancy
A: large, unfitting armour, claws 3, regeneration 1, shaggy fur 1, tough skin 1
a: Renounce Religion, Heroism


You were on level 11 of the Dungeon.
You worshipped Okawaru.
Okawaru was greatly pleased with you.
You visited 2 branches of the dungeon, and saw 12 of its levels.
You also visited: Sewer.

You collected 531 gold pieces.
You spent 90 gold pieces at shops.

Inventory:

Missiles
 d - 70 poisoned darts
 j - 2 boomerangs (quivered)
Armour
 I - +0 acid dragon scales (worn)
Magical Staves
 y - a staff of poison
Jewellery
 t - a +6 ring of dexterity (left claw)
 u - a ring of wizardry (right claw)
Wands
 p - a wand of paralysis (15)
 v - a wand of iceblast (6)
 w - a wand of digging (6)
 B - a wand of flame (60)
 J - a wand of acid (9)
Scrolls
 b - 5 scrolls of enchant weapon
 c - 3 scrolls of immolation
 h - 2 scrolls of fog
 i - 3 scrolls of magic mapping
 k - 7 scrolls of amnesia
 m - 4 scrolls of vulnerability
 q - 3 scrolls of teleportation
 r - a scroll of blinking
 D - a scroll of brand weapon
 F - a scroll of torment {unknown}
Potions
 a - 2 potions of berserk rage {unknown}
 e - 3 potions of haste
 f - a potion of invisibility {unknown}
 g - 2 potions of resistance {unknown}
 l - a potion of degeneration {unknown}
 n - 9 potions of curing {unknown}
 o - a potion of brilliance {unknown}
 s - 2 potions of might {unknown}
 x - 2 potions of flight {unknown}
 z - 2 potions of lignification {unknown}
 C - a potion of mutation {unknown}
 E - a potion of heal wounds {unknown}
 G - 3 potions of magic {unknown}


   Skills:
 + Level 5.1 Fighting
 + Level 5.3 Throwing
 + Level 3.6 Armour
 + Level 6.3 Dodging
 + Level 3.7 Stealth
 + Level 13.0 Unarmed Combat


You had 10 spell levels left.
You didn't know any spells.
Your spell library contained the following spells:

 Spells                   Type           Power      Damage    Failure   Level
 Blink                    Tloc           N/A        N/A       34%         2
 Lesser Beckoning         Tloc           0%         N/A       56%         3
 Portal Projectile        Hex/Tloc       0%         N/A       56%         3
 Blade Hands              Tmut           0%         N/A       99%         5
 Excruciating Wounds      Necr           0%         N/A       99%         5
 Manifold Assault         Tloc           0%         N/A       99%         5


Dungeon Overview and Level Annotations

Branches:
Dungeon (11/15)            Temple (1/1) D:6            Lair (0/6) D:11
    Orc (0/2) D:11          Sewer (visited)

Altars:
Ashenzari
Cheibriados
Dithmenos
Elyvilon
Fedhas
Gozag
Hepliaklqana
Kikubaaqudgha
Makhleb
Nemelex Xobeh
Okawaru
Qazlal
Ru
Sif Muna
Trog
Uskayaw
Vehumet
Wu Jian
Xom
Yredelemnul
Zin
The Shining One

Shops:
D:2 (:?([   D:3 :   D:5 (   D:6 [   D:11 [*:


Innate Abilities, Weirdness & Mutations

You are too large for most types of armour.
You have claws for hands.
Your natural rate of healing is unusually fast.
You are covered in fur. (AC +1)
You have tough skin. (AC +1)


Message History

Aim: a boulder beetle (lightly wounded, rolling, 91% to hit)
You throw a boomerang. The boomerang hits the boulder beetle!
The boulder beetle is lightly wounded.
Unknown command.
Throw: 2 boomerangs
Press: ? - help, Q - select action, (/) - cycle Shift-Dir - straight line, f/p - boulder beetle
Aim: a boulder beetle (lightly wounded, rolling, 91% to hit)
You throw a boomerang. The boomerang hits the boulder beetle.
The boulder beetle is lightly wounded.
Unknown command.
The boulder beetle hits you!!!
Ouch! That really hurt!
The boulder beetle stops rolling and uncurls.
As you read the scroll of teleportation, it crumbles to dust.
You feel strangely unstable. The boulder beetle bites you.
A manticore comes into view.
The boulder beetle curls into a ball and begins rolling!
The manticore flicks its tail.
The volley of spikes hits you!
The barbed spikes become lodged in your body.
* * * LOW HITPOINT WARNING * * *
The barbs in your skin will harm you if you move.
Continue? [Y]es or [N]o only, please.
The barbs in your skin will harm you if you move.
Continue? [Y]es or [N]o only, please.
The barbs in your skin will harm you if you move.
Continue?
Okay, then.
Throw: 2 boomerangs
Press: ? - help, Q - select action, (/) - cycle Shift-Dir - straight line, f/p - boulder beetle
Aim: a boulder beetle (lightly wounded, rolling, 91% to hit)
You throw a boomerang.
The boomerang hits the boulder beetle but does no damage.
The boulder beetle is lightly wounded.
The manticore flicks its tail.
The volley of spikes hits you!
The barbed spikes become lodged in your body.
* * * LOW HITPOINT WARNING * * *
The boulder beetle hits you!!!
Ouch! That really hurt!
You die...

..............
............. ..
.......... .#
.######### H# # . .#
#. #############.#
#.
..............######
#.
....................
..
.........°○B@.......
..
...>....############
## ..........#####
........#.....#####
.........P.........
...
.........♣.....P...
..#
####................
# ..#
#...P.......P...# §§
..#
#........♣......#
≈..


You could see a boulder beetle (rolling) and a manticore.

Vanquished Creatures
  A two-headed ogre (D:8)
  3 skeletal warriors (D:11)
  Pikel (D:6)
  An unseen horror (D:10)
  2 komodo dragons
  A hornet (D:5)
  3 trolls
  Sigmund (D:4)
  11 yaks
  A wraith (D:9)
  3 wyverns
  Eustachio (D:4)
  2 steam dragons
  An acid dragon (D:10)
  6 water moccasins
  2 ice beasts (D:7)
  Purgy (Sewer)
  2 orc warriors
  2 black bears
  A centaur (D:7)
  3 wolves (D:11)
  2 phantoms
  A kobold brigand (D:6)
  Blork the orc (D:4)
  4 bullfrogs
  2 gnoll sergeants
  A scorpion (D:5)
  A wyvern skeleton (D:7)
  6 killer bees
  5 wights (D:9)
  7 howler monkeys
  2 centaur zombies
  8 orc priests
  Jessica (D:2)
  5 orc wizards
  A hound skeleton (D:5)
  Robin (D:4)
  A howler monkey skeleton (D:6)
  12 gnolls
  7 adders
  2 shadow imps
  2 worms (D:2)
  2 dart slugs
  34 orcs
  2 bats
  8 endoplasms
  A giant cockroach (D:4)
  13 goblins
  5 hobgoblins
  6 jackals
  2 quokkas
  5 ball pythons
  4 frilled lizards
  11 kobolds
  4 rats
218 creatures vanquished.

Vanquished Creatures (collateral kills)
  A skeletal warrior (D:11)
  A black bear (D:11)
2 creatures vanquished.

Vanquished Creatures (others)
  A bush (D:11)
  3 fungi (D:11)
  15 plants (D:11)
19 creatures vanquished.

Grand Total: 239 creatures vanquished

Notes
Turn   | Place    | Note
-------+----------+-------------------------------------------
     0 | D:1      | ZARRMARR the Troll Monk began the quest for the Orb.
     0 | D:1      | Reached XP level 1. HP: 22/22 MP: 0/0
   383 | D:1      | Reached XP level 2. HP: 29/29 MP: 1/1
   494 | D:2      | Noticed Jessica
   499 | D:2      | Killed Jessica
   500 | D:2      | Reached XP level 3. HP: 36/36 MP: 2/2
   629 | D:2      | Found a faded altar of an unknown god.
   731 | D:2      | Found Uraceol's Magic Scroll Shop.
   737 | D:2      | Bought a scroll of identify for 28 gold pieces
   755 | D:2      | Found Wyneh's Weapon Emporium.
   815 | D:2      | Found Atuluo's Book Emporium.
   861 | D:2      | Found Watujok's Armour Emporium.
   969 | D:2      | Found Gishyru's Antique Weapon Emporium.
  1344 | D:3      | Reached XP level 4. HP: 44/44 MP: 3/3
  1391 | D:3      | Found a sparkling altar of Nemelex Xobeh.
  1410 | D:3      | Reached skill level 4 in Unarmed Combat
  1412 | D:3      | Reached skill level 1 in Throwing
  1457 | D:3      | Reached XP level 5. HP: 48/52 MP: 4/4
  1811 | D:3      | Found Foarphoff's Book Boutique.
  2353 | D:4      | Noticed Robin
  2355 | D:4      | Noticed Eustachio
  2383 | D:4      | Killed Eustachio
  2384 | D:4      | Reached skill level 5 in Unarmed Combat
  2384 | D:4      | Reached XP level 6. HP: 60/61 MP: 5/5
  2390 | D:4      | Killed Robin
  2421 | D:4      | Noticed a steam dragon
  2429 | D:4      | Killed a steam dragon
  2430 | D:4      | Reached XP level 7. HP: 53/67 MP: 6/6
  2446 | D:4      | Found a glowing drain.
  2461 | D:4      | Reached skill level 6 in Unarmed Combat
  2482 | Sewer    | Entered a sewer
  2615 | Sewer    | Noticed Purgy
  2630 | Sewer    | Killed Purgy
  2715 | D:4      | Noticed Sigmund
  2750 | D:4      | Killed Sigmund
  3090 | D:4      | Found a sacrificial altar of Ru.
  3102 | D:4      | Noticed Blork the orc
  3108 | D:4      | Killed Blork the orc
  3109 | D:4      | Reached skill level 7 in Unarmed Combat
  3120 | D:4      | Became a worshipper of Ru the Awakened
  3231 | D:5      | Entered Level 5 of the Dungeon
  3515 | D:5      | Reached XP level 8. HP: 73/75 MP: 7/7
  3685 | D:5      | Found Qohut's Antique Weapon Shop.
  3748 | D:5      | Noticed a hornet
  3757 | D:5      | Killed a hornet
  3758 | D:5      | Reached skill level 8 in Unarmed Combat
  4412 | D:6      | Found an ancient bone altar of Kikubaaqudgha.
  4423 | D:6      | Found Ufamubup's Antique Armour Shoppe.
  4661 | D:6      | Reached skill level 9 in Unarmed Combat
  4684 | D:6      | Reached XP level 9. HP: 82/84 MP: 8/8
  4801 | D:6      | Found a staircase to the Ecumenical Temple.
  4810 | D:6      | Noticed Pikel
  4817 | D:6      | Killed Pikel
  4818 | D:6      | Reached skill level 5 in Dodging
  4849 | Temple   | Entered the Ecumenical Temple
  5256 | D:6      | Found a shadowy altar of Dithmenos.
  5297 | D:7      | Found an ornate altar of the Wu Jian Council.
  5387 | D:7      | Reached skill level 10 in Unarmed Combat
  5450 | D:7      | Found a white marble altar of Elyvilon.
  5483 | D:7      | Found a glowing silver altar of Zin.
  5588 | D:7      | Noticed a komodo dragon
  5596 | D:7      | Killed a komodo dragon
  5801 | D:7      | Found a snail-covered altar of Cheibriados.
  6087 | D:8      | Noticed a troll
  6142 | D:7      | Killed a troll
  6181 | D:8      | Reached skill level 11 in Unarmed Combat
  6323 | D:8      | Found a basalt altar of Yredelemnul.
  6450 | D:8      | Found a burning altar of Makhleb.
  6458 | D:8      | Found an iron altar of Okawaru.
  6482 | D:8      | Fell from the grace of Ru
  6482 | D:8      | Became a worshipper of Warmaster Okawaru
  6529 | D:8      | Reached XP level 10. HP: 91/93 MP: 9/9
  6624 | D:8      | Noticed a two-headed ogre
  6630 | D:8      | Killed a two-headed ogre
  8204 | D:9      | Found a shimmering blue altar of Sif Muna.
  8318 | D:10     | Entered Level 10 of the Dungeon
  8369 | D:10     | Reached * piety under Okawaru
  8631 | D:10     | Reached skill level 12 in Unarmed Combat
  9044 | D:10     | Found a hide-covered altar of Uskayaw.
  9552 | D:11     | Noticed a skeletal warrior
  9620 | D:11     | Reached ** piety under Okawaru
  9633 | D:11     | Killed a skeletal warrior
  9634 | D:11     | Reached skill level 1 in Armour
  9640 | D:11     | Reached XP level 11. HP: 40/101 MP: 10/10
  9801 | D:11     | Found Dyimupyd's Book Shoppe.
  9809 | D:11     | Found Jecvamp's Armour Shoppe.
  9962 | D:11     | Found Gatrumn's Assorted Antiques.
  9974 | D:11     | Bought a scroll of identify for 62 gold pieces
 10013 | D:11     | Found a staircase to the Orcish Mines.
 10052 | D:11     | Found a staircase to the Lair.
 10057 | D:11     | Reached skill level 5 in Fighting
 10058 | D:11     | Noticed a skeletal warrior
 10061 | D:11     | Reached *** piety under Okawaru
 10078 | D:11     | Killed a skeletal warrior
 10078 | D:11     | Noticed a skeletal warrior
 10079 | D:11     | Noticed a skeletal warrior
 10212 | D:11     | Killed a skeletal warrior
 10228 | D:11     | HP: 3/102 [skeletal warrior[a skeletal warrior] (19)]
 10232 | D:11     | Killed a skeletal warrior
 10233 | D:11     | Reached skill level 5 in Throwing
 10375 | D:11     | Reached **** piety under Okawaru
 10376 | D:11     | Reached skill level 13 in Unarmed Combat
 10623 | D:11     | Noticed a boulder beetle
 10639 | D:11     | Annihilated by a boulder beetle

Illustrated notes

Levels and vault maps discovered:
D:1:      dpeg_arrival_boxorama, layout_basic, minivault_19,
          minmay_crystal_water, minmay_misc_feat_nine_boxes, serial_bayou_pond_e
D:2:      layout_loops_cross, hellmonk_ecumenical_altar_inner_sanctum,
          serial_shops, shop, shop, nicolae_shop_crystal, nicolae_shop_crystal,
          nicolae_shop_crystal, minmay_fountain_box, glass_columns_c,
          palyth_stone_intersect, uniq_jessica
D:3:      layout_basic, nemelex_xobeh_ov_fountains_minmay, serial_shops,
          nicolae_shop_statue_plus
D:4:      layout_basic, nicolae_ru_sacrificial_ziggurat, gup_sewer_entry_glass,
          minmay_misc_feat_five, uniq_robin, uniq_sigmund, uniq_blork_the_orc,
          uniq_eustachio
D:5:      layout_basic, serial_shops, nicolae_shop_behind_doors
D:6:      layout_loops_ring, mainiacjoe_overflow_concentric_impassable,
          grunt_dithmenos_shadows, minmay_temple_entry_nine_rooms, serial_shops,
          nicolae_shop_crystal, uniq_pikel
D:7:      layout_loops_cross, lemuel_coloured_pillars_altar,
          mainiacjoe_overflow_chevrons, elyvilon_altar_5,
          nzn_wu_jian_contemplation
D:8:      layout_basic, yredelemnul_altar_generic,
          mainiacjoe_overflow_big_doors, grunt_ministairs_1
D:9:      minmay_inner_zag, layout_layer_cave, kennysheep_mini
D:10:     layout_basic, mainiacjoe_overflow_alcove_2
D:11:     minmay_weird_star, layout_long_grid, minmay_lair_entry_grove,
          orc_0_dummy, serial_shops, nicolae_square_shop, nicolae_shop_trees,
          shop, shop
Temple:   compressed_dpeg_triangle_lava_temple

Skill      XL: |  1  2  3  4  5  6  7  8  9 10 11 |
---------------+----------------------------------+-----
Unarmed Combat | 4 5 7 9 11 12 13 | 13.0
Throwing       | 1 2 3 4 5 |  5.3
Dodging        | 3 4 5 6 |  6.3
Fighting       | 3 4 5 |  5.1
Stealth        | 2 3 |  3.7
Armour         | 1 3 |  3.6

Action                   |  1- 3 |  4- 6 |  7- 9 | 10-12 || total
-------------------------+-------+-------+-------+-------++-------
Melee: Unarmed           |    59 |    95 |   235 |   237 ||   626
       Punch             |       |       |     7 |    21 ||    28
Throw: Dart              |    18 |       |       |       ||    18
       Boomerang         |       |    18 |     9 |    75 ||   102
Invok: Reject Sacrifices |       |       |     1 |       ||     1
  Use: Scroll            |     2 |     3 |     2 |     6 ||    13
       Potion            |       |       |     1 |     1 ||     2
 Stab: Sleeping          |     1 |     2 |     8 |     2 ||    13
       Distracted        |       |       |     1 |       ||     1
Armor: Robe              |    21 |    26 |    43 |    16 ||   106
       Acid dragon scale |       |       |       |    23 ||    23
Dodge: Dodged            |    33 |    33 |   127 |    95 ||   288
